Map: Ruins of Endion

Players

Miszu

  • Race: Terran Terran
  • League: Grandmaster

dTefel (Tefel) - Winner!

  • Race: Zerg Zerg
  • League: Grandmaster

VOD

Have the link to the VOD?

Description

Time

  • Played on: June 8, 2016, 11:59 a.m.
  • Length: 20:01
Show
View Real Time Build Order
Export as new Build Order

Miszu Terran 

Build Orders: Reaper Expand, MMM Bio, Banshee Rush 

Get SALT Encoding   

  12  0:00  SCV  
  13  0:13  SCV  
  14  0:17  Supply Depot  
  14  0:25  SCV  
  15  0:39  SCV  
  15  0:41  Barracks  
  16  0:44  Refinery  
  16  0:51  SCV  
  17  1:03  SCV  
  18  1:18  SCV  
  19  1:28  Reaper  
  19  1:30  Orbital Command  
  20  1:45  Command Center  
  20  1:55  Supply Depot, SCV  
  21  2:07  Barracks Reactor  
  21  2:08  SCV  
  22  2:10  Refinery  
  22  2:20  Factory, SCV  
  23  2:36  SCV  
  24  2:45  Marine x2  
  24  2:48  SCV  
  27  3:07  Starport, SCV  
  27  3:10  Orbital Command  
  27  3:11  Marine x2  
  30  3:14  Factory Tech Lab  
  30  3:21  SCV  
  31  3:31  Command Center  
  31  3:33  SCV  
  32  3:38  SCV  
  33  3:44  Factory Tech Lab  
  33  3:45  SCV  
  34  3:50  SCV  
  34  3:52  Cloaking Field, Banshee  
  34  3:54  Marine  
  34  3:55  Marine  
  39  3:57  SCV  
  41  4:03  Siege Tank  
  41  4:04  SCV  
  44  4:10  SCV  
  44  4:11  Supply Depot  
  44  4:16  SCV  
  46  4:23  Barracks x2  
  46  4:33  SCV x2  
  46  4:34  Supply Depot  
  46  4:36  Banshee  
  51  4:40  Siege Tank  
  51  4:44  Orbital Command  
  54  4:46  SCV  
  55  4:53  Engineering Bay x2  
  55  4:55  SCV  
  56  5:00  Refinery  
  52  5:08  Refinery  
  52  5:09  Supply Depot  
  51  5:19  Barracks Tech Lab x2  
  51  5:20  Marine x2  
  53  5:27  Starport Reactor  
  53  5:29  SCV x2  
  53  5:30  SCV  
  56  5:39  Stimpack  
  56  5:41  Marine x3, SCV x2  
  61  5:43  Terran Infantry Armor Level 1  
  61  5:45  Terran Infantry Weapons Level 1  
  61  5:52  Marine  
  61  5:53  SCV x2  
  64  5:58  Marine  
  64  5:59  Marine  
  66  6:05  SCV x2  
  66  6:06  Orbital Command  
  66  6:08  Marine  
  66  6:09  Medivac x2  
  66  6:10  Marine  
  74  6:16  Marine  
  74  6:17  SCV x2  
  77  6:20  Barracks  
  77  6:21  Barracks  
  77  6:30  Marine  
  77  6:31  Marine x2  
  77  6:34  Marine, Siege Tank, SCV  
  77  6:35  SCV x2  
  84  6:40  Supply Depot x2  
  84  6:42  Medivac, Armory  
  84  6:43  Medivac  
  84  6:47  SCV  
  86  6:48  Marine  
  86  6:49  Marine x2  
  86  6:51  SCV  
  86  6:52  Marine, SCV  
  92  6:59  SCV  
  93  7:03  SCV  
  93  7:05  Supply Depot  
  93  7:06  Supply Depot, Marine x2, Siege Tank, SCV  
  100  7:10  Marine  
  100  7:11  SCV  
  100  7:12  Barracks Reactor x2  
  102  7:15  SCV  
  102  7:17  Marine, Combat Shields  
  102  7:19  SCV  
  105  7:23  SCV  
  105  7:25  Refinery  
  105  7:28  SCV  
  107  7:31  Marine x3, SCV  
  107  7:35  SCV  
  116  7:38  Marauder  
  116  7:40  Supply Depot, SCV  
  116  7:42  Supply Depot  
  119  7:49  Terran Infantry Armor Level 2  
  117  7:51  Marine x2  
  117  7:52  Marine x2, Terran Infantry Weapons Level 2  
  117  7:53  Marine x3  
  122  7:59  Marine  
  123  8:09  Marine x3  
  123  8:12  Marauder  
  128  8:16  Marine x3  
  128  8:17  Medivac x2, Marauder  
  137  8:21  Barracks  
  137  8:22  Ghost Academy, Barracks  
  137  8:23  Barracks  
  137  8:24  Supply Depot  
  137  8:26  Supply Depot  
  137  8:33  Marauder  
  139  8:36  Reaper  
  139  8:38  Marauder  
  132  8:42  Marine x2  
  132  8:44  Marine x3  
  137  8:50  Supply Depot x2  
  137  8:55  Marauder  
  139  9:00  Command Center, Marine, Marauder  
  139  9:01  Marine  
  139  9:02  Marine x2  
  145  9:04  Marine  
  145  9:05  Medivac x2  
  145  9:08  Marine  
  145  9:09  Barracks Tech Lab  
  151  9:10  Barracks Tech Lab  
  151  9:11  Barracks Tech Lab  
  151  9:16  Marauder  
  135  9:29  Marauder  
  114  9:33  Marine x8, Marauder  
  114  9:35  Siege Tank  
  114  9:37  Marine  
  116  9:50  Marine x2  
  116  9:51  Marine x7  
  131  9:53  Medivac x2  
  131  9:54  Marauder  
  131  9:55  Marauder  
  133  10:08  Marine x2  
  133  10:09  Ghost x2  
  139  10:16  Marauder  
  139  10:20  Marine x2  
  145  10:21  Marine  
  145  10:26  Liberator x2  
  147  10:42  Ghost x5  
  159  10:54  Refinery  
  156  10:58  Refinery  
  156  11:03  Marine x2  
  158  11:10  Ghost  
  158  11:11  Marauder x2, Ghost  
  165  11:19  Ghost  
  165  11:23  Planetary Fortress  
  161  11:32  Ghost x2  
  165  11:37  Command Center  
  167  11:40  Marauder  
  164  11:47  Ghost  
  164  11:48  Ghost  
  168  12:00  Ghost x2  
  172  12:03  Marine x4, Ghost  
  172  12:04  Marine  
  179  12:09  Command Center  
  179  12:12  Thor  
  185  12:16  Terran Vehicle And Ship Armor Level 1  
  159  12:45  Ghost  
  159  12:46  Ghost x2  
  165  13:00  Ghost x2  
  165  13:02  Marine  
  170  13:06  Marine x5  
  175  13:14  Marine  
  175  13:15  Marauder  
  175  13:19  SCV  
  180  13:23  Medivac x2  
  177  13:27  Marine x4  
  177  13:28  Marine x2  
  177  13:30  Marauder  
  185  13:35  Planetary Fortress  
  185  13:36  Liberator  
  185  13:40  Sensor Tower  
  185  13:42  Marauder  
  187  13:52  Refinery  
  185  13:56  Personal Cloaking, Ghost Academy x2  
  185  14:01  Planetary Fortress  
  185  14:07  Refinery, Sensor Tower  
  185  14:09  Refinery  
  185  14:17  Thor  
  185  14:20  Marauder x4  
  185  14:24  Missile Turret  
  193  14:53  Ghost x3  
  193  14:56  Nuke x2  
  193  14:58  Terran Infantry Weapons Level 3  
  179  16:18  Ghost x3  
  179  16:19  Ghost  
  179  16:20  Thor  
  187  16:46  Command Center  
  179  16:50  Command Center  
  157  17:26  Ghost x4  
  157  17:27  Thor, Ghost  
  157  17:28  Marine x6  
  132  17:54  Ghost x2  
  132  17:55  Ghost  
  132  17:57  Ghost  
  140  17:58  Marine  
  140  17:59  Marine  
  142  18:09  Thor  
  140  18:23  Nuke x2  
  140  18:29  Planetary Fortress  
  138  18:59  Ghost x2  
  142  19:03  Marine  
  142  19:04  Marine x4, Marauder x2  
  151  19:10  Sensor Tower  
Show
View Real Time Build Order
Export as new Build Order

dTefel Zerg - Winner!

Build Orders: Pool First 

Get SALT Encoding   

  12  0:01  Drone  
  13  0:08  Drone  
  14  0:17  Overlord  
  14  0:22  Extractor  
  14  0:23  Drone  
  15  0:35  Drone x2  
  17  0:44  Spawning Pool  
  17  0:47  Drone  
  17  1:08  Hatchery  
  17  1:11  Drone  
  17  1:13  Extractor  
  17  1:16  Drone  
  17  1:19  Drone  
  18  1:32  Queen  
  18  1:34  Zergling x2  
  22  1:40  Drone  
  22  1:48  Overlord  
  22  2:08  Queen, Drone  
  23  2:11  Drone  
  26  2:21  Queen  
  26  2:22  Drone  
  29  2:26  Metabolic Boost, Drone  
  30  2:34  Drone, Spore Crawler  
  30  2:35  Extractor  
  29  2:41  Overlord, Drone  
  29  2:42  Drone  
  33  2:45  Drone  
  33  2:48  Drone  
  35  2:53  Drone  
  36  3:00  Drone x2  
  38  3:11  Drone x2  
  40  3:14  Drone x2  
  40  3:15  Overlord  
  40  3:18  Drone x2  
  43  3:20  Drone  
  43  3:25  Roach Warren  
  43  3:32  Hatchery  
  43  3:34  Drone  
  43  3:35  Extractor  
  43  3:39  Lair  
  42  3:43  Drone x2  
  42  3:44  Drone  
  42  3:47  Overlord  
  45  3:50  Drone  
  45  3:52  Extractor, Zergling x2  
  45  3:54  Zergling x2  
  47  3:56  Zergling x2  
  47  3:57  Zergling x2  
  47  3:59  Zergling x2  
  50  4:04  Zergling x2  
  50  4:05  Zergling x2  
  51  4:11  Overlord  
  51  4:14  Drone x2  
  53  4:20  Drone x3  
  53  4:22  Drone x2  
  53  4:23  Spore Crawler  
  59  4:24  Roach  
  59  4:33  Roach x2  
  59  4:34  Roach  
  59  4:36  Extractor  
  59  4:37  Glial Reconstitution, Overseer  
  64  4:41  Evolution Chamber  
  64  4:45  Roach  
  65  4:47  Evolution Chamber  
  65  4:49  Drone x2  
  66  4:55  Drone x3  
  62  5:08  Roach x2  
  62  5:09  Zerg Melee Weapons Level 1, Drone x4  
  62  5:10  Drone  
  71  5:18  Drone x2  
  71  5:20  Overlord  
  73  5:25  Drone x3  
  74  5:33  Overlord  
  74  5:36  Overlord  
  74  5:38  Zerg Missile Weapons Level 1, Extractor, Queen  
  74  5:42  Drone x3  
  78  5:44  Spore Crawler  
  78  5:49  Drone x3  
  80  5:56  Infestation Pit, Drone x3  
  78  6:11  Overlord  
  78  6:13  Roach  
  78  6:14  Roach  
  81  6:27  Overlord  
  81  6:31  Overlord  
  81  6:32  Hive  
  81  6:33  Roach x7  
  81  6:34  Roach  
  81  6:35  Zergling x2  
  81  6:38  Ravager x3  
  81  6:39  Ravager  
  102  6:46  Drone  
  103  6:48  Extractor  
  103  6:49  Roach x3  
  103  6:50  Zergling x6  
  111  6:59  Drone x3  
  111  7:00  Overlord  
  114  7:07  Hatchery  
  113  7:12  Drone  
  113  7:13  Overlord, Drone x2  
  116  7:18  Overlord  
  115  7:26  Overlord  
  115  7:27  Zerg Melee Weapons Level 2  
  115  7:28  Overlord  
  115  7:31  Drone x2  
  115  7:32  Zerg Ground Armor Level 1  
  117  7:37  Overlord  
  117  7:42  Overlord, Drone  
  118  7:44  Drone x2  
  120  7:55  Overlord  
  120  7:56  Adrenal Glands, Ultralisk Cavern  
  119  8:00  Zergling x2  
  119  8:01  Zergling x16  
  119  8:02  Zergling x4  
  130  8:07  Zergling x4  
  130  8:10  Roach  
  134  8:13  Ravager x3  
  134  8:14  Ravager x2  
  134  8:15  Roach  
  134  8:19  Zergling x2  
  142  8:22  Zergling x2  
  143  8:28  Overlord  
  143  8:36  Overlord  
  143  8:37  Hatchery  
  143  8:39  Ravager x2  
  143  8:40  Zergling x14  
  151  8:44  Zergling x2  
  151  8:46  Chitinous Plating, Ultralisk  
  151  8:48  Ultralisk  
  164  8:53  Zergling x2  
  165  8:56  Ravager x4  
  165  8:58  Roach x2  
  165  9:00  Roach x2  
  177  9:03  Zergling x6  
  177  9:04  Zergling x2  
  177  9:05  Zergling x2  
  177  9:08  Zergling x2  
  177  9:09  Zergling x2  
  180  9:19  Zergling x2  
  180  9:21  Roach  
  180  9:23  Roach  
  153  9:28  Roach x2  
  153  9:29  Ultralisk  
  153  9:30  Zergling x6  
  144  9:32  Zergling x2  
  144  9:33  Zergling x2  
  146  9:42  Ultralisk  
  141  9:46  Zergling x4  
  141  9:51  Zergling x2, Ultralisk  
  150  9:56  Drone x4  
  150  9:59  Drone x2  
  156  10:09  Evolution Chamber  
  156  10:10  Zerg Ground Armor Level 2  
  156  10:11  Zergling x6  
  158  10:14  Overlord  
  158  10:18  Extractor  
  158  10:19  Extractor  
  158  10:21  Ultralisk  
  162  10:24  Zergling x8  
  162  10:25  Zergling x2  
  167  10:29  Drone x2  
  167  10:30  Drone x2  
  168  10:36  Ultralisk  
  168  10:38  Zergling x2  
  175  10:44  Zergling x4  
  177  10:54  Ultralisk x2  
  177  10:55  Zergling x4  
  191  11:01  Zergling x6  
  191  11:02  Zergling x10  
  199  11:06  Zerg Melee Weapons Level 3  
  199  11:07  Zergling x2  
  191  11:24  Ultralisk  
  197  11:26  Drone x3  
  200  11:34  Spine Crawler  
  200  11:36  Zergling x2  
  200  11:37  Spine Crawler  
  200  11:54  Ultralisk  
  200  12:02  Spine Crawler  
  200  12:03  Zergling x2  
  200  12:13  Spine Crawler x2  
  192  12:23  Ultralisk  
  192  12:25  Zergling x4  
  190  12:42  Ultralisk x2  
  190  12:43  Ultralisk x3  
  191  12:45  Zergling x6  
  191  12:46  Ultralisk  
  198  13:00  Drone  
  198  13:02  Zerg Ground Armor Level 3  
  199  13:17  Overlord  
  199  13:18  Hatchery  
  198  13:20  Baneling Nest  
  198  13:24  Zergling x4  
  198  14:02  Centrifical Hooks  
  198  14:05  Baneling x2  
  198  14:07  Baneling  
  198  14:18  Zerg Missile Weapons Level 2  
  198  14:21  Drone  
  199  15:38  Spore Crawler  
  199  15:39  Spine Crawler  
  199  15:41  Spine Crawler  
  196  15:47  Spine Crawler  
  196  15:49  Spine Crawler  
  194  15:51  Baneling x2  
  194  15:57  Zergling x6  
  191  16:08  Zergling x2  
  174  16:15  Zergling x2, Ultralisk x2  
  174  16:16  Zergling x2  
  188  16:18  Overseer  
  188  16:19  Overlord  
  188  16:27  Baneling x6  
  185  16:35  Zergling x4  
  185  16:36  Zergling x4  
  187  16:45  Ultralisk x4  
  189  16:51  Extractor x2  
  187  16:54  Overseer x2  
  187  17:04  Zergling x6  
  187  17:05  Zergling x24  
  136  17:23  Ultralisk x3  
  136  17:24  Zergling x6  
  136  17:25  Zergling x6  
  136  17:26  Zergling x4  
  136  17:27  Zergling x4  
  136  17:28  Zergling x4  
  136  17:29  Zergling x4  
  136  17:34  Zergling x2  
  113  17:37  Zergling x4  
  113  17:39  Ultralisk  
  113  17:40  Ultralisk  
  113  17:41  Queen  
  128  17:46  Ultralisk x2  
  128  17:48  Zergling x4  
  128  17:49  Queen x2  
  146  17:53  Queen  
  146  17:56  Baneling x2  
  146  17:57  Baneling x6, Ultralisk  
  154  17:58  Zergling x2  
  154  17:59  Zergling x2  
  154  18:01  Zergling x2  
  157  18:08  Zergling x2  
  158  18:16  Zergling x2  
  157  18:25  Overlord x4  
  157  18:26  Overlord  
  157  18:28  Baneling x3  
  157  18:29  Baneling x2  
  157  18:43  Baneling x8  
  157  18:47  Zergling x10  
  157  18:48  Zergling x2, Overseer  
  163  18:52  Zergling x4  
  162  19:13  Ultralisk x2  
  162  19:14  Zergling x4  
  176  19:28  Zergling x4  
  184  19:35  Zergling x4  
  184  19:36  Baneling x4  
  184  19:37  Baneling x3  
  184  19:38  Zergling x2  
  185  19:39  Zergling x2  
  185  19:40  Baneling  
  185  19:42  Zergling x2  
Tags
 
Add a new tag
Caveats
  • Supply blocks, unpowered buildings, or Contaminate may cause inaccurate times.
  • Supply counts are checked every 10 seconds.